 Dungeon Crawl Stone Soup version 0.26.1-11-gd32895ea62 (webtiles) character file.

Game seed: 17315348303633704099

702225 diana the Impregnable (level 27, 0/297 (300) HPs)
             Began as a Demonspawn Gladiator on Apr 14, 2021.
             Was the Champion of Okawaru.
             Slain by an eldritch tentacle (22 damage)
             ... called by a Zot trap
             ... on level 3 of the Tomb of the Ancients.
             The game lasted 03:07:16 (85231 turns).

diana the Impregnable (Demonspawn Gladiator)       Turns: 85231, Time: 03:07:16

HP:   0/297 (300)   AC: 44    Str: 30      XL:     27
MP:   17/29         EV: 18    Int: 13      God:    Okawaru [******]
Gold: 2246          SH:  5    Dex: 14 (15) Spells: 26/26 levels left

rFire    + + .     SeeInvis +   M - +9 demon blade (elec)
rCold    + + +     Faith    .   r - +0 buckler {rN+}
rNeg     + + .     Spirit   .   i - +10 gold dragon scales
rPois    +         Reflect  .   b - +0 hat of Recklessness {*Contam Will+ rCorr}
rElec    .         Harm     .   J - scarf {rC+ rF+}
rCorr    +         Rampage  .   q - +2 pair of gloves of Boredom {Slay+3}
Will     ++++.                  (boots unavailable)
Stlth    ..........             e - amulet "Weirem" {RegenMP Str+2 Slay+2 Stlth+}
HPRegen  10.59/turn             m - ring "Rotiuzi" {Ice Str+2 Slay+3 SInv}
MPRegen  0.46/turn              S - ring of Rasysh {rC+ rN+ Will+}

@: lethally poisoned (0 -> 0), sanguine armour, slowed, studying Armour, lightly
drained, very slow
A: talons 3, blurry vision 1, clever 1, cold resistance 1, deformed body, fire
resistance 1, icemail, powered by death 3, robust 3, freezing cloud immunity,
sanguine armour 3
}: 5/15 runes: barnacled, slimy, silver, abyssal, gossamer
a: Renounce Religion, Heroism, Finesse


You were on level 3 of the Tomb of the Ancients.
You worshipped Okawaru.
Okawaru was exalted by your worship.
You visited 12 branches of the dungeon, and saw 56 of its levels.
You visited the Abyss 4 times.
You also visited: Trove, Sewer and Volcano.

You collected 18977 gold pieces.
You spent 6010 gold pieces at shops.
You paid 10721 gold pieces to Gozag.

Inventory:

Hand Weapons
 M - a +9 demon blade of electrocution (weapon)
Missiles
 d - 7 throwing nets
 R - 52 silver javelins (quivered)
 W - 98 boomerangs
 X - 4 silver boomerangs
Armour
 b - the +0 hat of Recklessness (worn) {*Contam Will+ rCorr}
   (You found it in a treasure trove)

   It affects your willpower, your defense against some magical effects.
   It causes magical contamination when unequipped.
   It provides partial protection from all sources of acid and corrosion.
 i - +10 gold dragon scales (worn)
 q - the +2 pair of gloves of Boredom (worn) {Slay+3}
   (You found it in a treasure trove)

   It affects your accuracy and damage with ranged weapons and melee attacks
   (+3).
 r - a +0 buckler of positive energy (worn)
 u - the +5 pair of gloves of Shrieking Liberty {Rampage rPois Int+2 Dex-4}
   (You found it on level 6 of the Lair of Beasts)

   It affects your intelligence (+2).
   It affects your dexterity (-4).
   It protects you from poison.
   It bestows one free step when moving towards enemies.
 J - a scarf of resistance (worn)
Jewellery
 e - the amulet "Weirem" (around neck) {RegenMP Str+2 Slay+2 Stlth+}
   (You found it on level 1 of the Elven Halls)

   [amulet of magic regeneration]

   It increases your magic regeneration.
   It affects your strength (+2).
   It affects your accuracy and damage with ranged weapons and melee attacks
   (+2).
   It makes you more stealthy.
 m - the ring "Rotiuzi" (left hand) {Ice Str+2 Slay+3 SInv}
   (You bought it in a shop on level 12 of the Dungeon)

   [ring of ice]

   It enhances your ice magic.
   It affects your strength (+2).
   It affects your accuracy and damage with ranged weapons and melee attacks
   (+3).
   It makes you vulnerable to fire.
   It protects you from cold.
   It lets you see invisible.
 S - the ring of Rasysh (right hand) {rC+ rN+ Will+}
   (You acquired it on level 5 of the Pits of Slime)

   [ring of willpower]

   It protects you from cold.
   It protects you from negative energy.
   It affects your willpower, your defense against some magical effects.
 V - a +4 ring of slaying
Wands
 x - a wand of flame (88)
 E - a wand of digging (26)
 K - a wand of iceblast (37)
 N - a wand of acid (69)
 O - a wand of disintegration (34)
Scrolls
 a - 5 scrolls of summoning
 c - 9 scrolls of identify
 g - 26 scrolls of remove curse
 j - 3 scrolls of blinking
 o - 12 scrolls of magic mapping
 p - 2 scrolls of enchant weapon
 y - 11 scrolls of fear
 B - 19 scrolls of teleportation
 C - 3 scrolls of amnesia
 D - 3 scrolls of silence
 G - 11 scrolls of immolation
 H - 13 scrolls of fog
 I - 4 scrolls of vulnerability
 P - 2 scrolls of holy word
 Y - a scroll of brand weapon
Potions
 h - 23 potions of curing
 k - 16 potions of might
 n - 8 potions of haste
 s - a potion of ambrosia
 t - a potion of mutation
 v - 9 potions of flight
 z - a potion of invisibility
 A - 9 potions of berserk rage
 F - 4 potions of magic
 L - 4 potions of cancellation
 Q - a potion of resistance
Books
 w - a manual of Armour
Miscellaneous
 l - a tin of tremorstones (1/2)
 T - a condenser vane (inert)
 U - a lightning rod (4/4)
 Z - a phantom mirror


   Skills:
 - Level 22.0 Fighting
 - Level 17.0 Long Blades
 - Level 16.0 Throwing
 - Level 22.0 Armour
 + Level 20.2 Dodging
 - Level 4.0 Shields
 - Level 8.7 Invocations
 * Level 20.3 Evocations


You had 26 spell levels left.
You didn't know any spells.
Your spell library contained the following spells:

 Spells                   Type           Power        Failure   Level
 Animate Skeleton         Necr           0%           95%         1
 Apportation              Tloc           0%           95%         1
 Beastly Appendage        Tmut           0%           95%         1
 Corona                   Hex            0%           95%         1
 Magic Dart               Conj           0%           95%         1
 Pain                     Necr           0%           95%         1
 Sting                    Tmut/Pois      0%           95%         1
 Summon Small Mammal      Summ           0%           95%         1
 Blink                    Tloc           N/A          98%         2
 Call Imp                 Summ           0%           98%         2
 Corpse Rot               Necr/Air       N/A          98%         2
 Ensorcelled Hibernation  Hex/Ice        0%           98%         2
 Passwall                 Tmut/Erth      0%           98%         2
 Poisonous Vapours        Pois/Air       0%           98%         2
 Searing Ray              Conj           0%           98%         2
 Slow                     Hex            0%           98%         2
 Sublimation of Blood     Necr           0%           98%         2
 Swiftness                Air            0%           98%         2
 Wereblood                Tmut           0%           98%         2
 Confusing Touch          Hex            0%           100%        3
 Conjure Flame            Conj/Fire      0%           100%        3
 Dazzling Flash           Conj/Hex       0%           100%        3
 Gell's Gravitas          Tloc           0%           100%        3
 Ignite Poison            Fire/Tmut/Pois 0%           100%        3
 Inner Flame              Hex/Fire       0%           100%        3
 Lesser Beckoning         Tloc           0%           100%        3
 Mephitic Cloud           Conj/Pois/Air  0%           100%        3
 Portal Projectile        Hex/Tloc       0%           100%        3
 Spider Form              Tmut/Pois      0%           100%        3
 Static Discharge         Conj/Air       0%           100%        3
 Stone Arrow              Conj/Erth      0%           100%        3
 Tukima's Dance           Hex            0%           100%        3
 Vampiric Draining        Necr           0%           100%        3
 Animate Dead             Necr           0%           100%        4
 Dispel Undead            Necr           0%           100%        4
 Fulminant Prism          Conj/Hex       0%           100%        4
 Hailstorm                Conj/Ice       0%           100%        4
 Ice Form                 Ice/Tmut       0%           100%        4
 Iskenderun's Mystic Bla  Conj/Tloc      0%           100%        4
 Leda's Liquefaction      Hex/Erth       0%           100%        4
 Olgreb's Toxic Radiance  Pois           0%           100%        4
 Passage of Golubria      Tloc           N/A          100%        4
 Petrify                  Tmut/Erth      0%           100%        4
 Sticky Flame             Conj/Fire      0%           100%        4
 Agony                    Necr           0%           100%        5
 Alistair's Intoxication  Tmut/Pois      0%           100%        5
 Blade Hands              Tmut           0%           100%        5
 Bolt of Magma            Conj/Fire/Erth 0%           100%        5
 Borgnjor's Vile Clutch   Necr/Erth      0%           100%        5
 Excruciating Wounds      Necr           0%           100%        5
 Fireball                 Conj/Fire      0%           100%        5
 Irradiate                Conj/Tmut      0%           100%        5
 Iskenderun's Battlesphe  Conj           0%           100%        5
 Lee's Rapid Deconstruct  Erth           0%           100%        5
 Lightning Bolt           Conj/Air       0%           100%        5
 Metabolic Englaciation   Hex/Ice        0%           100%        5
 Summon Demon             Summ           0%           100%        5
 Summon Mana Viper        Hex/Summ       0%           100%        5
 Yara's Violent Unravell  Hex/Tmut       0%           100%        5
 Dispersal                Tloc           0%           100%        6
 Eringya's Noxious Bog    Tmut/Pois      0%           100%        6
 Freezing Cloud           Conj/Ice/Air   0%           100%        6
 Invisibility             Hex            0%           100%        6
 Iron Shot                Conj/Erth      0%           100%        6
 Ozocubu's Refrigeration  Ice            0%           100%        6
 Simulacrum               Ice/Necr       0%           100%        6
 Starburst                Conj/Fire      0%           100%        6
 Statue Form              Tmut/Erth      0%           100%        6
 Orb of Destruction       Conj           0%           100%        7
 Spellforged Servitor     Conj/Summ      0%           100%        7
 Disjunction              Tloc           0%           100%        8
 Ignition                 Fire           0%           100%        8
 Shatter                  Erth           0%           100%        9
 Tornado                  Air            0%           100%        9


Dungeon Overview and Level Annotations

Branches:
Dungeon (15/15)            Temple (1/1) D:7            Lair (6/6) D:11
 Shoals (4/4) Lair:3       Spider (4/4) Lair:2        Slime (5/5) Lair:5
    Orc (2/2) D:11            Elf (3/3) Orc:2        Vaults (5/5) D:13
  Crypt (3/3) Vaults:2       Tomb (3/3) Crypt:3      Depths (5/5) D:15
    Zot (0/5) Depths:5      Sewer (visited)         Volcano (visited)

Altars:
Ashenzari
Cheibriados
Dithmenos
Elyvilon
Fedhas
Gozag
Hepliaklqana
Kikubaaqudgha
Makhleb
Nemelex Xobeh
Okawaru
Qazlal
Ru
Sif Muna
Trog
Uskayaw
Vehumet
Wu Jian
Xom
Yredelemnul
Zin
The Shining One

Shops:
D:10 (?   D:11 [(:(   D:12 =   Orc:2 =:}[   Elf:2 (   Elf:3 (   Lair:1 *[![([(!
Vaults:2 :}[((   Vaults:3 *   Depths:1 ::   Depths:3 *=!(

Portals:
Hell: Depths:1 Depths:2 Depths:3 Depths:4 Depths:5
Abyss: Depths:3 Depths:4
Pandemonium: Depths:3
Ziggurat: Depths:1

Annotations:
D:5 1 runed translucent door, Torikoriko's ghost, weakling PaDe
Lair:2 exclusion: 4 oklob plants
Lair:6 exclusion: 6 oklob plants
Shoals:1 3 runed translucent doors, Heezod's ghost, journeyman MiBe; Woutahasch's ghost, journeyman HOFi


Innate Abilities, Weirdness & Mutations

You have claws for feet.
Your flesh is cold resistant. (rC+)
A meltable icy envelope protects you from harm. (AC +0)
You regenerate a lot of health from kills.
You are extremely robust. (+30% HP)
You are immune to freezing clouds.
When seriously injured, your bleeding wounds create very thick armour. (AC +12)
Scrolls take you a little longer to read.
Your mind is acute. (Int +2)
Armour fits poorly on your strangely shaped body.
Your flesh is heat resistant. (rF+)


Message History

The ancient champion casts a spell at you.
The bolt of negative energy hits the flying skull.
The flying skull completely resists.
The bolt of negative energy hits the lich.
The lich completely resists.
The bolt of negative energy hits you. You partially resist.
You feel drained.
* * * LOW HITPOINT WARNING * * *
The guardian mummy is engulfed in blazing flames.
The mummy priest is engulfed in blazing flames.
The mummy priest prays to its god.
The ushabti is engulfed in blazing flames.
You destroy the ushabti!
Okawaru accepts your kill.
The lich is engulfed in blazing flames.
The flying skull is engulfed in blazing flames.
The ushabti shakes and rattles deafeningly!
The ettin zombie is engulfed in blazing flames.
The eldritch tentacle completely misses you.
The eldritch tentacle claws you!!
You die...

******* ######## ****** **,,,,,**
#§°§ΛL☼# **,,,,**
*,,,,,,,**#§§/8w@#**,,,,,,**
,,,,,,,,,*#§*§Z1L#*,,,,,,,,**
,,,,,,,,,*#§§§§B§#*,,,,,,,,,**
,,,,,,,,,,#.§§§Lz#,,,,,,,,,,,**
,,,,,,,,,,#§§§§zz#,,,,,,,,,,,,**
,,,,,,^,.§§.§§MM§§,,,,^,,,,,,,,**
,,,,,,,,.§#§§§§M§#,,,,,,,,,,,,,,*
,,,,,^,,.,#§§4§§§#,,,,,,,,,,,,,,*
,,,,,,,,,*#...†..#*,,,,^,,,,,,,,*


You could see a royal mummy, a Hell Sentinel (summoned), an eldritch tentacle, a
revenant, 2 liches, an ancient champion (fast), a mummy priest, an orange demon
(summoned), a guardian mummy, an ushabti (catching breath), a death scarab, 2
flying skulls and an ettin zombie.

Vanquished Creatures
  the Royal Jelly (Slime:5)
  6 ancient liches
  Mennas (Crypt:1)
  Sojobo (Depths:2)
  2 royal mummies (Tomb:1)
  Frederick (Vaults:1)
  Xtahua (Vaults:4)
  Margery (Depths:3)
  2 golden dragons (Vaults:5)
  Jory (Tomb:2)
  the Enchantress (Depths:5)
  A profane servitor (Crypt:3)
  Arachne (Spider:3)
  2 bone dragons
  6 liches
  Rupert (Vaults:1)
  6 tentacled monstrosities (Vaults:5)
  A shard shrike skeleton (Crypt:3)
  4 titans
  3 deep elf blademasters
  Asterion (Depths:1)
  2 deep elf master archers (Elf:3)
  3 quicksilver dragons
  9 sphinxes
  A death cob (Crypt:2)
  A tentacled starspawn (Abyss:2)
  16 ancient champions
  Frances (D:12)
  An Executioner (Abyss:3)
  A kraken (Shoals:2)
  A draconian monk (Depths:5)
  23 acid blobs
  Kirke (D:13)
  8 shadow dragons
  Polyphemus (Shoals:4)
  7 tengu reavers
  Roxanne (Spider:4)
  5 fire giants
  3 storm dragons
  13 azure jellies
  3 revenants
  9 frost giants
  17 vault wardens
  Aizul (Shoals:2)
  2 draconian knights (Vaults:1)
  14 deep elf sorcerers
  An iron dragon (Vaults:5)
  8 ghost moths
  5 spriggan defenders
  2 angels (Vaults:1)
  A curse skull (Crypt:2)
  7 deep elf elementalists
  4 emperor scorpions (Spider:4)
  A reaper (Crypt:2)
  8 ghouls
  20 ironheart preservers
  28 stone giants
  A draconian annihilator (Depths:5)
  6 war gargoyles
  26 very ugly things
  A green draconian (Depths:5)
  9 vampire knights
  3 black draconians (Depths:5)
  5 deep elf annihilators
  7 deep elf demonologists
  12 bennus
  9 entropy weavers
  A purple draconian (Depths:5)
  5 spark wasps
  A red draconian (Depths:5)
  Azrael (D:14)
  A white draconian (Depths:5)
  5 merfolk javelineers
  A minotaur (shapeshifter) (Vaults:5)
  8 death oozes
  A quicksilver dragon zombie (Crypt:1)
  3 eidola
  2 deep elf high priests (Elf:3)
  A blizzard demon (Abyss:2)
  12 yaktaur captains
  7 deep elf death magi
  19 jiangshi
  16 ettins
  7 merfolk impalers
  12 mummy priests
  8 great orbs of eyes
  8 fire dragons
  Fannar (Orc:1)
  6 rakshasas
  10 ice dragons
  7 boulder beetles
  9 spriggan air magi
  7 hydras
  33 vault guards
  4 merfolk avatars
  2 merfolk aquamancers
  Erica (D:11)
  A naga warrior (Abyss:3)
  An anaconda (shapeshifter) (Vaults:5)
  2 alligator snapping turtles
  40 death scarabs
  10 centaur warriors
  3 death knights
  3 hell hogs (Depths:1)
  5 vampire magi
  2 satyrs (Shoals:4)
  2 dancing weapons
  6 catoblepae
  A queen ant (Spider:4)
  38 two-headed ogres
  13 deep troll earth magi
  28 ogre magi
  10 deep troll shamans
  4 orc high priests
  11 death yaks
  6 tengu warriors
  6 thrashing horrors
  12 spriggan berserkers
  4 spriggans
  A titan zombie (Tomb:2)
  Nergalle (D:12)
  2 titan skeletons
  3 soul eaters
  33 deep elf knights
  A sun demon (Abyss:2)
  A storm dragon zombie (Vaults:3)
  3 wretched stars
  A storm dragon skeleton (Tomb:1)
  18 sea snakes
  4 hell knights (Depths:3)
  7 iron trolls
  34 skeletal warriors
  31 deep trolls
  An anaconda zombie (Tomb:1)
  A death drake (Abyss:3)
  A spatial maelstrom (Abyss:3)
  8 glowing orange brains
  4 unseen horrors
  4 bog bodies (Crypt:2)
  8 shadow wraiths
  12 wizards
  14 starcursed masses
  2 tengu zombies
  6 flayed ghosts
  A glowing orange brain (shapeshifter) (Vaults:4)
  15 ironbrand convokers
  23 deep elf archers
  An iron dragon zombie (Tomb:3)
  19 phantasmal warriors
  76 deep elf magi
  18 orb spiders
  16 orc knights
  An anaconda skeleton (Crypt:3)
  13 harpies
  3 human zombies
  A golden dragon skeleton (Vaults:5)
  23 wolf spiders
  17 fauns
  8 orc sorcerers
  9 necromancers
  A shining eye (shapeshifter) (Vaults:3)
  8 cyclopes
  47 ugly things
  15 shining eyes
  121 slime creatures
  3 human skeletons
  15 manticores
  A salamander (Abyss:3)
  A stone giant skeleton (Crypt:3)
  5 centaur zombies
  15 elephants
  3 worldbinders
  A moth of wrath (Spider:4)
  9 vault sentinels
  2 naga magi (Depths:3)
  11 merfolk sirens
  Maurice (D:10)
  A shock serpent zombie (Crypt:3)
  2 guardian serpents
  4 eyes of devastation
  3 water nymphs
  An eye of devastation (shapeshifter) (Vaults:5)
  13 black mambas
  2 frost giant skeletons
  3 fire giant skeletons
  4 torpor snails
  An orange demon (Abyss:2)
  6 gargoyles
  17 rime drakes
  4 smoke demons
  A pale draconian zombie (Crypt:1)
  A dire elephant skeleton (Crypt:2)
  15 cane toads
  An ice devil (Abyss:3)
  14 freezing wraiths
  A yaktaur zombie (Vaults:5)
  A komodo dragon (shapeshifter) (Vaults:2)
  7 komodo dragons
  A kobold demonologist (D:15)
  35 guardian mummies
  An anaconda simulacrum (Tomb:2)
  4 catoblepas skeletons (Abyss:3)
  10 demonic crawlers
  An efreet (Volcano)
  A death yak skeleton (Crypt:1)
  A hellwing (Abyss:2)
  A yaktaur skeleton (Depths:1)
  43 yaktaurs
  3 meliai (D:14)
  3 tengu conjurers
  2 polar bears
  A hydra skeleton (Tomb:1)
  22 merfolk
  28 jumping spiders
  7 trolls
  A merfolk (shapeshifter) (Elf:2)
  A harpy skeleton (Crypt:2)
  A blink frog (shapeshifter) (Vaults:4)
  6 wind drakes
  6 dream sheep (Shoals:2)
  A wolf spider simulacrum (Crypt:3)
  6 raiju
  2 spectral guardian serpents (Crypt:1)
  10 hornets
  18 blink frogs
  9 snapping turtles
  2 ettin zombies
  A boulder beetle zombie (Crypt:2)
  Sigmund (D:6)
  3 deep troll zombies (Depths:1)
  An ice dragon zombie (Depths:1)
  A spriggan (shapeshifter) (D:13)
  2 alligator skeletons
  22 flying skulls
  An ice dragon skeleton (Crypt:3)
  42 yaks
  3 ettin skeletons
  10 wraiths
  15 ushabtiu
  8 air elementals
  A shadow (D:13)
  24 tarantellas
  71 redbacks
  13 water elementals
  3 vampires
  A tyrant leech zombie (Crypt:1)
  11 fire elementals
  2 ynoxinuls (Abyss:2)
  11 steam dragons
  2 hogs (shapeshifter)
  A hog (D:13)
  9 wyverns
  A fire bat (shapeshifter) (Vaults:3)
  8 basilisks
  2 basilisks (shapeshifter)
  6 fire bats
  13 golden eyes
  2 vampire mosquitoes (D:13)
  A neqoxec (Abyss:2)
  9 wargs
  2 nagas (Abyss:3)
  20 soldier ants
  10 large abominations
  3 acid dragons
  22 water moccasins
  11 hell hounds
  A swamp drake (Volcano)
  11 eyes of draining
  A black bear (shapeshifter) (Vaults:1)
  2 floating eyes
  2 phantoms
  4 sky beasts
  A black bear (Lair:3)
  53 orc warriors
  2 ettin simulacra
  8 ice beasts
  A fire dragon simulacrum (Crypt:3)
  A tengu (Volcano)
  2 necrophages
  33 ogres
  6 wolves
  2 lindwurm skeletons
  6 boggarts
  13 centaurs
  2 big kobolds
  A komodo dragon zombie (Crypt:1)
  19 bullfrogs
  8 earth elementals
  18 small abominations
  6 scorpions
  A wyvern skeleton (D:11)
  A polar bear zombie (Crypt:1)
  18 killer bees
  4 wights (D:9)
  A spriggan skeleton (Crypt:2)
  6 howler monkeys
  8 electric eels
  11 hounds
  4 quasits
  4 bullfrog skeletons
  22 orc priests
  A soldier ant zombie (Crypt:2)
  3 iron imps (Abyss:2)
  4 jellies
  6 centaur skeletons
  9 iguanas
  41 orc wizards
  34 worker ants
  Natasha (thrice) (D:2)
  5 hell rats (Lair:5)
  An acid dragon zombie (Crypt:3)
  An ogre zombie (Crypt:2)
  A sky beast zombie (Crypt:2)
  A naga skeleton (Crypt:3)
  Robin (D:1)
  36 mummies
  2 worker ant zombies
  10 gnolls
  A howler monkey skeleton (D:11)
  A steam dragon zombie (Crypt:2)
  A swamp drake zombie (Crypt:3)
  9 adders
  A river rat (Sewer)
  2 shadow imps
  7 white imps
  6 ufetubi
  2 oozes (Lair:5)
  3 adder skeletons
  10 worms
  6 leopard geckos
  124 orcs
  10 bats
  7 giant cockroaches
  20 goblins
  15 hobgoblins
  18 jackals
  9 kobolds
  3 quokkas
  3 ball pythons
  5 frilled lizards
  2 jackal skeletons (D:8)
  2 leopard gecko skeletons
  An orc skeleton (Crypt:1)
  16 rats
  A rat skeleton (Crypt:2)
  A crawling corpse (Vaults:5)
  A starspawn tentacle (Abyss:2)
  3 tentacles (Shoals:2)
2893 creatures vanquished.

Vanquished Creatures (others)
  A deep elf demonologist (Elf:3)
  A mummy priest (Tomb:3)
  A deep troll earth mage (Depths:2)
  34 dancing weapons
  A deep elf mage (Elf:2)
  A rime drake (Lair:2)
  A yaktaur (Depths:2)
  2 humans (D:13)
  An orc priest (Vaults:3)
  An orc (Orc:1)
  A bat (Volcano)
  A giant cockroach (Lair:2)
  A bush (Lair:6)
  28 fungi
  267 plants
  A starspawn tentacle (Abyss:2)
  5 tentacles (Shoals:2)
348 creatures vanquished.

Grand Total: 3241 creatures vanquished

Notes
Turn   | Place    | Note
-------+----------+-------------------------------------------
     0 | D:1      | diana the Demonspawn Gladiator began the quest for the Orb.
     0 | D:1      | Reached XP level 1. HP: 16/16 MP: 1/1
   245 | D:1      | Gained mutation: When seriously injured, your bleeding
                  | wounds create armour. (AC +12) [demonic ancestry]
   245 | D:1      | Reached XP level 2. HP: 22/22 MP: 2/2
  1255 | D:2      | Found a white marble altar of Elyvilon.
  1309 | D:2      | Reached XP level 3. HP: 24/27 MP: 3/3
  1800 | D:2      | Noticed Robin
  1960 | D:1      | Reached skill level 1 in Armour
  2238 | D:2      | Noticed Natasha
  2245 | D:2      | Killed Natasha
  2246 | D:2      | Gained mutation: When seriously injured, your bleeding
                  | wounds create thick armour. (AC +12) [demonic ancestry]
  2246 | D:2      | Reached XP level 4. HP: 31/34 MP: 4/4
  2349 | D:2      | Noticed Natasha
  2359 | D:2      | Killed Natasha
  2382 | D:2      | Noticed Natasha
  2429 | D:2      | Killed Natasha
  2779 | D:1      | Killed Robin
  2780 | D:1      | Reached XP level 5. HP: 18/39 MP: 5/5
  4146 | D:4      | Found a hazy altar of Hepliaklqana.
  4319 | D:4      | Found a glowing drain.
  4367 | D:4      | Gained mutation: You have sharp toenails. [demonic
                  | ancestry]
  4367 | D:4      | Reached XP level 6. HP: 32/47 MP: 4/6
  4386 | Sewer    | Entered a sewer
  4636 | Sewer    | Found a white marble altar of Elyvilon.
  5591 | D:4      | Reached XP level 7. HP: 33/52 MP: 4/7
  6018 | D:5      | Entered Level 5 of the Dungeon
  6239 | D:5      | Found a runed translucent door.
  6404 | D:5      | Noticed Torikoriko's ghost (weakling PaDe)
  6751 | D:5      | Reached skill level 5 in Armour
  6751 | D:5      | Reached XP level 8. HP: 33/61 MP: 3/8
  7151 | D:5      | Reached skill level 5 in Long Blades
  7360 | D:6      | Reached skill level 5 in Dodging
  7434 | D:6      | Found a sparkling altar of Nemelex Xobeh.
  7582 | D:6      | Noticed Sigmund
  7760 | D:6      | Reached skill level 5 in Fighting
  7904 | D:6      | Killed Sigmund
  8336 | D:7      | Found a staircase to the Ecumenical Temple.
  8366 | D:7      | Gained mutation: Your flesh is cold resistant. (rC+)
                  | [demonic ancestry]
  8366 | D:7      | Reached XP level 9. HP: 40/68 MP: 1/9
  8379 | Temple   | Entered the Ecumenical Temple
  8604 | Temple   | Became a worshipper of Gozag Ym Sagoz the Greedy
  9738 | D:7      | Found a sacrificial altar of Ru.
 10803 | D:8      | Noticed a two-headed ogre
 11151 | D:8      | Identified the Tome of Changing
 11646 | D:9      | Gained mutation: You have razor-sharp toenails. [demonic
                  | ancestry]
 11646 | D:9      | Reached XP level 10. HP: 71/77 MP: 8/10
 11698 | D:9      | Noticed a two-headed ogre
 13400 | D:10     | Entered Level 10 of the Dungeon
 13413 | D:10     | Noticed a gargoyle
 13625 | D:9      | Killed a two-headed ogre
 14171 | D:10     | Found a portal to a secret trove of treasure.
 14198 | D:10     | Killed a gargoyle
 14458 | D:10     | Noticed Maurice
 14490 | D:10     | Paralysed by something for 4 turns
 14502 | D:10     | Paralysed by something for 5 turns
 14514 | D:10     | Killed Maurice
 15385 | D:10     | Found a shimmering altar of Xom.
 15400 | D:10     | Found Camif's Magic Scroll Boutique.
 15409 | D:10     | Bought a scroll of fog for 28 gold pieces
 15409 | D:10     | Bought a scroll of random uselessness for 14 gold pieces
 15622 | D:11     | Found Huury's Antique Weapon Boutique.
 15681 | D:11     | Killed an unseen horror
 15682 | D:11     | Reached XP level 11. HP: 31/86 MP: 4/11
 15939 | D:11     | Paralysed by a hornet for 2 turns
 16170 | D:11     | Found a staircase to the Orcish Mines.
 16449 | D:11     | Noticed a brown ugly thing
 16627 | D:11     | Killed an unseen horror
 16628 | D:11     | Reached skill level 10 in Armour
 16840 | D:11     | Found Foman's Weapon Shoppe.
 16898 | D:11     | Found Tack's Armour Shop.
 16901 | D:11     | Bought a +0 buckler for 63 gold pieces
 17082 | D:11     | Killed a brown ugly thing
 17083 | D:11     | Reached skill level 1 in Shields
 17150 | D:11     | Found a staircase to the Lair.
 17180 | D:11     | Found Bogariev's Book Boutique.
 18014 | Lair:1   | Entered Level 1 of the Lair of Beasts
 19314 | Lair:2   | Gained mutation: You are immune to freezing clouds.
                  | [demonic ancestry]
 19314 | Lair:2   | Reached XP level 12. HP: 81/97 MP: 12/12
 19425 | Lair:2   | You fall into a shaft and drop 1 floor!
 19429 | Lair:3   | Noticed a seven-headed hydra
 19487 | Lair:3   | Found a dark tunnel.
 19529 | Volcano  | Entered a volcano
 19600 | Volcano  | Reached skill level 10 in Fighting
 19843 | Volcano  | Noticed a stone giant
 19867 | Volcano  | Killed a stone giant
 19956 | Volcano  | Found a burning altar of Makhleb.
 20065 | Volcano  | Found a radiant altar of Vehumet.
 20270 | Lair:3   | Killed a two-headed hydra
 20566 | Lair:3   | Found a staircase to the Shoals.
 20851 | Lair:2   | Noticed a boulder beetle
 21177 | Lair:2   | Reached skill level 10 in Dodging
 21326 | Lair:2   | Reached skill level 10 in Long Blades
 21330 | Lair:2   | Reached XP level 13. HP: 87/106 MP: 13/13
 21731 | Lair:2   | Found a hole to the Spider Nest.
 22497 | Orc:1    | Entered Level 1 of the Orcish Mines
 22497 | Orc:1    | Noticed a stone giant
 22553 | Orc:1    | Noticed Erica
 22777 | D:12     | Found Dextokaz's Jewellery Shoppe.
 22784 | D:12     | Bought the ring "Rotiuzi" {Ice Str+2 Slay+3 SInv} for 742
                  | gold pieces
 23046 | D:11     | Killed a stone giant
 23125 | D:11     | Killed Erica
 23284 | D:12     | Noticed Nergalle
 23290 | D:12     | Killed Nergalle
 23433 | D:12     | Noticed Frances
 23638 | Orc:1    | Noticed an ettin
 23640 | Orc:1    | Found a burning altar of Makhleb.
 25056 | Lair:5   | Found a staircase to the Slime Pits.
 25476 | Lair:5   | Reached XP level 14. HP: 93/116 MP: 14/14
 26404 | Lair:1   | Bought a potion of curing for 48 gold pieces
 26408 | Lair:1   | Bought a potion of heal wounds for 95 gold pieces
 26408 | Lair:1   | Bought a potion of might for 76 gold pieces
 26499 | Lair:6   | Entered Level 6 of the Lair of Beasts
 27342 | Lair:6   | Got a pair of faintly humming gloves
 27353 | Lair:6   | Identified the +5 pair of gloves of Shrieking Liberty
                  | {Rampage rPois Int+2 Dex-4} (You found it on level 6 of the
                  | Lair of Beasts)
 28847 | Orc:1    | You fall into a shaft and drop 1 floor!
 28847 | Orc:2    | Entered Level 2 of the Orcish Mines
 29125 | Orc:1    | Noticed Fannar
 29150 | Orc:1    | Killed Fannar
 30173 | Orc:2    | Found a staircase to the Elven Halls.
 30412 | Orc:2    | Gained mutation: You regenerate a little health from kills.
                  | [demonic ancestry]
 30412 | Orc:2    | Reached XP level 15. HP: 85/122 MP: 15/15
 30784 | Orc:2    | Found Sacryll's Armour Emporium.
 30784 | Orc:2    | Found Erema's Jewellery Boutique.
 30786 | Orc:2    | Found Umisor's Gadget Emporium.
 30786 | Orc:2    | Found Neppowiekoi's Book Boutique.
 31559 | D:12     | Killed Frances
 31618 | D:13     | You fall into a shaft and drop 2 floors!
 31618 | D:15     | Entered Level 15 of the Dungeon
 32167 | D:14     | You fall into a shaft and drop 1 floor!
 32743 | D:13     | Found a gate to the Vaults.
 32959 | D:13     | Noticed Kirke
 32975 | D:13     | Killed Kirke
 33615 | D:14     | Noticed Azrael
 33631 | D:14     | Killed Azrael
 34331 | D:15     | Reached XP level 16. HP: 78/131 MP: 16/16
 34879 | D:15     | Found a staircase to the Depths.
 35654 | Spider:1 | Entered Level 1 of the Spider Nest
 35721 | Lair:1   | Bought runed gold dragon scales for 1992 gold pieces
 35805 | D:10     | Bought a scroll of enchant armour for 105 gold pieces
 36377 | Spider:2 | Reached skill level 15 in Long Blades
 36950 | Spider:1 | You fall into a shaft and drop 1 floor!
 38212 | Spider:3 | Noticed Arachne
 38232 | Spider:3 | Killed Arachne
 38233 | Spider:3 | Reached skill level 1 in Evocations
 40005 | Spider:4 | Entered Level 4 of the Spider Nest
 40476 | Elf:1    | Entered Level 1 of the Elven Halls
 40794 | Elf:1    | Gained mutation: You regenerate health from kills. [demonic
                  | ancestry]
 40794 | Elf:1    | Reached XP level 17. HP: 138/138 MP: 17/17
 40857 | Elf:1    | Found a transporter.
 40990 | Elf:1    | Found a transporter.
 42156 | Elf:2    | Found Dannio Nuxa's Antique Weapon Boutique.
 42161 | Elf:2    | Reached skill level 15 in Armour
 42161 | Elf:2    | Reached skill level 5 in Evocations
 42554 | Elf:2    | Found a huge runed translucent gate.
 42554 | Elf:2    | Found a huge runed translucent gate.
 42554 | Elf:2    | Found a huge runed translucent gate.
 42554 | Elf:2    | Found a huge runed translucent gate.
 42556 | Elf:2    | Found a huge runed translucent gate.
 43442 | Elf:3    | Entered Level 3 of the Elven Halls
 43852 | Elf:3    | Got a heavily runed granite ring
 43854 | Elf:3    | Identified the ring "Nirroij" {Str+2 Int+6} (You found it
                  | on level 3 of the Elven Halls)
 44146 | Elf:3    | Found Mutiev's Weapon Shoppe.
 44302 | Elf:3    | Reached XP level 18. HP: 104/145 MP: 18/18
 44326 | Elf:3    | Noticed a Brimstone Fiend
 44374 | Elf:3    | HP: 1/145 [acid (13)]
 45900 | Elf:2    | Cast into level 3 of the Abyss (+0 war axe of distortion)
 46020 | Abyss:3  | Noticed a lich
 46056 | Elf:2    | Escaped the Abyss
 47356 | Elf:3    | Identified the +9 war axe "Xesu" {antimagic, rElec}
 48066 | Elf:3    | Got a translucent scimitar
 48068 | Elf:3    | Identified the +1 scimitar of Famine {venom, rF- rN++
                  | Will+} (You found it on level 3 of the Elven Halls)
 49130 | Spider:4 | Gained mutation: You have claws for feet. [demonic
                  | ancestry]
 49130 | Spider:4 | Reached XP level 19. HP: 149/153 MP: 0/19
 49524 | Spider:4 | Noticed Roxanne
 50485 | Spider:4 | Got a gossamer rune of Zot
 50540 | Spider:4 | Killed Roxanne
 51070 | Lair:1   | Bought 2 potions of curing for 84 gold pieces
 51070 | Lair:1   | Bought a potion of curing for 42 gold pieces
 51142 | Shoals:1 | Entered Level 1 of the Shoals
 51145 | Shoals:1 | Found a runed translucent gate.
 51145 | Shoals:1 | Found a runed translucent gate.
 51145 | Shoals:1 | Found a runed translucent gate.
 51145 | Shoals:1 | Noticed Woutahasch's ghost (journeyman HOFi)
 51146 | Shoals:1 | Noticed Heezod's ghost (journeyman MiBe)
 51728 | Elf:1    | Got a coiled silver amulet
 51739 | Elf:1    | Identified the amulet "Weirem" {RegenMP Str+2 Slay+2
                  | Stlth+} (You found it on level 1 of the Elven Halls)
 51756 | Elf:1    | Got a wavering glass ring
 51760 | Elf:1    | Identified the ring of Wueplicw {rC+ Int+6} (You found it
                  | on level 1 of the Elven Halls)
 53206 | Shoals:2 | Reached skill level 15 in Fighting
 53498 | Shoals:2 | Noticed Aizul
 53508 | Shoals:2 | Killed Aizul
 55643 | Shoals:4 | Entered Level 4 of the Shoals
 55784 | Shoals:4 | Noticed Polyphemus
 55813 | Shoals:4 | Killed Polyphemus
 55974 | Shoals:4 | Gained mutation: You regenerate a lot of health from kills.
                  | [demonic ancestry]
 55974 | Shoals:4 | Reached XP level 20. HP: 96/162 MP: 20/20
 56950 | Shoals:4 | Got a barnacled rune of Zot
 57809 | Vaults:1 | Entered Level 1 of the Vaults
 57815 | Vaults:1 | Identified a scroll of acquirement
 57816 | Vaults:1 | Acquired a manual of Earth Magic
 57983 | Vaults:1 | Found a white marble altar of Elyvilon.
 57985 | Vaults:1 | Found a glowing silver altar of Zin.
 57994 | Vaults:1 | Found a ruined gateway.
 57996 | Vaults:1 | Found a glowing golden altar of the Shining One.
 58216 | Vaults:1 | Reached skill level 15 in Dodging
 58341 | Vaults:1 | Reached skill level 5 in Throwing
 58362 | Vaults:1 | Noticed Rupert
 58363 | Vaults:1 | Noticed Frederick
 58393 | Vaults:1 | Killed Frederick
 58423 | Vaults:1 | Killed Rupert
 58710 | Temple   | Fell from the grace of Gozag
 58710 | Temple   | Became a worshipper of Warmaster Okawaru
 59048 | Vaults:1 | Reached * piety under Okawaru
 60560 | Vaults:2 | Found Kooplotz's Armour Emporium.
 60564 | Vaults:2 | Reached ** piety under Okawaru
 60616 | Vaults:2 | Paralysed by a sphinx for 4 turns
 60639 | Vaults:2 | Reached *** piety under Okawaru
 60647 | Vaults:2 | Gained mutation: A meltable icy envelope protects you from
                  | harm. (AC +0) [demonic ancestry]
 60647 | Vaults:2 | Reached XP level 21. HP: 143/168 MP: 21/21
 60722 | Vaults:2 | Reached skill level 1 in Invocations
 61898 | Vaults:2 | Found Hiarang's Book Shoppe.
 62049 | Vaults:2 | Found a staircase to the Crypt.
 62128 | Vaults:2 | Found Idweole's Antique Weapon Shop.
 62135 | Vaults:2 | Found Gusaphesim's Weapon Boutique.
 62733 | Vaults:2 | Found Nilufew's Gadget Shop.
 62896 | Vaults:3 | Reached **** piety under Okawaru
 63001 | Vaults:3 | Gained mutation: Your body sometimes deteriorates upon
                  | taking damage. [a shining eye]
 63003 | Vaults:3 | Lost mutation: Your body sometimes deteriorates upon taking
                  | damage. [potion of mutation]
 63003 | Vaults:3 | Gained mutation: Your flesh is heat resistant. (rF+)
                  | [potion of mutation]
 63003 | Vaults:3 | Gained mutation: Your mind is acute. (Int +2) [potion of
                  | mutation]
 63003 | Vaults:3 | Gained mutation: You are agile. (Dex +2) [potion of
                  | mutation]
 63138 | Vaults:3 | Reached skill level 5 in Invocations
 63284 | Vaults:3 | Received a gift from Okawaru
 63574 | Vaults:3 | Reached ***** piety under Okawaru
 63620 | Vaults:3 | Found Zashupra's General Store.
 63628 | Vaults:3 | Bought a potion of heal wounds for 80 gold pieces
 64101 | Vaults:3 | Received a gift from Okawaru
 64198 | Vaults:4 | Received a gift from Okawaru
 64367 | Vaults:4 | Noticed Xtahua
 64375 | Vaults:4 | Paralysed by Xtahua for 3 turns
 64380 | Vaults:4 | Killed Xtahua
 64586 | Vaults:4 | Reached skill level 10 in Throwing
 64633 | Vaults:4 | Reached ****** piety under Okawaru
 64673 | Vaults:4 | Cast into level 2 of the Abyss (a deep elf sorcerer)
 64975 | Abyss:2  | Gained mutation: You are robust. (+10% HP) [demonic
                  | ancestry]
 64975 | Abyss:2  | Reached XP level 22. HP: 168/192 MP: 28/28
 65174 | Abyss:2  | Received a gift from Okawaru
 65236 | Vaults:4 | Escaped the Abyss
 65285 | Vaults:4 | Received a gift from Okawaru
 65318 | Vaults:4 | Received a gift from Okawaru
 65716 | Vaults:4 | Reached skill level 10 in Evocations
 66145 | Vaults:5 | Entered Level 5 of the Vaults
 66152 | Vaults:5 | Received a gift from Okawaru
 66206 | Vaults:5 | Identified the +10 hunting sling of Tartarus {flame, rElec
                  | rC++}
 66227 | Vaults:4 | Was forgiven by Gozag
 66274 | Vaults:5 | Gained mutation: Your body sometimes deteriorates upon
                  | taking damage. [a cacodemon]
 66279 | Vaults:5 | Received a gift from Okawaru
 66279 | Vaults:5 | Gained mutation: You are occasionally teleported next to
                  | monsters. [a cacodemon]
 66287 | Vaults:5 | Received a gift from Okawaru
 66327 | Vaults:5 | Received a gift from Okawaru
 66383 | Vaults:5 | Noticed an ancient lich
 66387 | Vaults:5 | Paralysed by an ancient lich for 2 turns
 66398 | Vaults:5 | Killed an ancient lich
 66398 | Vaults:5 | Received a gift from Okawaru
 66411 | Vaults:5 | Gained mutation: You are very robust. (+20% HP) [demonic
                  | ancestry]
 66411 | Vaults:5 | Reached XP level 23. HP: 187/217 MP: 29/29
 66424 | Vaults:5 | Identified the +6 glaive "Namonus" {vorpal, Fragile rElec
                  | rC+++ Str-3}
 66494 | Vaults:5 | Reached skill level 15 in Evocations
 66499 | Vaults:5 | Cast into level 3 of the Abyss (a deep elf sorcerer)
 66544 | Abyss:3  | Got an abyssal rune of Zot
 66881 | Vaults:5 | Escaped the Abyss
 66887 | Vaults:5 | Received a gift from Okawaru
 66925 | Vaults:5 | Received a gift from Okawaru
 67628 | Vaults:5 | Received a gift from Okawaru
 67694 | Vaults:5 | Noticed an ancient lich
 67705 | Vaults:5 | Killed an ancient lich
 68257 | Vaults:5 | Got a silver rune of Zot
 68539 | Depths:1 | Entered Level 1 of the Depths
 68882 | Depths:1 | Noticed Asterion
 68886 | Depths:1 | Killed Asterion
 68906 | Depths:1 | You fall into a shaft and drop 1 floor!
 68909 | Depths:2 | Reached XP level 24. HP: 228/228 MP: 29/29
 68984 | Depths:2 | Noticed Sojobo
 69041 | Depths:2 | Received a gift from Okawaru
 69083 | Depths:2 | Killed Sojobo
 69215 | Depths:2 | Received a gift from Okawaru
 69285 | Depths:2 | Found a gateway to Hell.
 69378 | Depths:1 | Found Zausooxu's Book Boutique.
 69389 | Depths:1 | Bought a manual of Armour for 2097 gold pieces
 69548 | Depths:1 | Found Qanai's One-of-a-Kind Books.
 69658 | Depths:1 | Found a gateway to a ziggurat.
 69879 | Depths:2 | Identified the Volume of Harmful Clay
 69885 | Depths:2 | Identified Ruhexzij's Volume of Fiery Poisoning
 70076 | Depths:2 | Cast into level 2 of the Abyss (a wizard)
 70083 | Depths:2 | Escaped the Abyss
 70266 | Depths:2 | Found a hide-covered altar of Uskayaw.
 70849 | Depths:3 | Noticed Margery
 70857 | Depths:3 | Killed Margery
 70888 | Depths:3 | Received a gift from Okawaru
 71054 | Depths:3 | Found a one-way gate leading to the halls of Pandemonium.
 71093 | Depths:3 | Found a one-way gate to the infinite horrors of the Abyss.
 71150 | Depths:3 | Found Pargheytz's Distillery.
 71150 | Depths:3 | Found Ythaipla's Jewellery Shoppe.
 71151 | Depths:3 | Found Tiq Juri's Antique Weapon Emporium.
 71153 | Depths:3 | Found Ybulag's General Store.
 71158 | Depths:3 | Bought a potion of mutation for 128 gold pieces
 71158 | Depths:3 | Bought a potion of mutation for 128 gold pieces
 71158 | Depths:3 | Bought a potion of mutation for 128 gold pieces
 71176 | Depths:3 | Bought a potion of berserk rage for 80 gold pieces
 71176 | Depths:3 | Bought a potion of berserk rage for 80 gold pieces
 71344 | Depths:3 | Received a gift from Okawaru
 71511 | Depths:3 | Found a shimmering blue altar of Sif Muna.
 71520 | Depths:3 | Received a gift from Okawaru
 71539 | Depths:3 | Noticed an ancient lich
 71553 | Depths:3 | Killed an ancient lich
 71554 | Depths:3 | Gained mutation: You are extremely robust. (+30% HP)
                  | [demonic ancestry]
 71554 | Depths:3 | Reached XP level 25. HP: 202/263 MP: 29/29
 71677 | Depths:3 | Identified the Guide on Ashen Intoxication
 71679 | Depths:3 | Identified Dispater's Compendium of Stones
 71699 | Depths:3 | Identified the amulet of the Sun {Acrobat +Fly} (You found
                  | it on level 3 of the Depths)
 71814 | Depths:3 | Identified the Guide on Confrontation
 71983 | Depths:3 | Received a gift from Okawaru
 72349 | D:10     | You paid a toll of 10 potions of heal wounds to enter a
                  | treasure trove
 72350 | Trove    | Entered a treasure trove
 72356 | Trove    | Got a scorched hat
 72370 | Trove    | Identified the +2 pair of gloves of Boredom {Slay+3} (You
                  | found it in a treasure trove)
 72371 | Trove    | Identified the +0 hat of Recklessness {*Contam Will+ rCorr}
                  | (You found it in a treasure trove)
 72874 | Depths:4 | Received a gift from Okawaru
 72932 | Depths:4 | Found the +8 orange crystal plate armour {Archmagi, Int+3
                  | Clar}
 72947 | Depths:4 | Received a gift from Okawaru
 73067 | Depths:4 | Identified the +4 hunting sling "Nyell" {venom, *Drain
                  | Will+ Int+6}
 74087 | Slime:1  | Entered Level 1 of the Pits of Slime
 75487 | Slime:3  | Paralysed by a floating eye for 4 turns
 76323 | Slime:4  | Gained mutation: You do not regenerate when monsters are
                  | visible. [a shining eye]
 76485 | Slime:5  | Entered Level 5 of the Pits of Slime
 76623 | Slime:5  | Found the +8 demon trident "Rift" {distort, reach+}
 76689 | Slime:5  | Gained mutation: You are weak. (Str -2) [a shining eye]
 76691 | Slime:5  | Gained mutation: Your body often deteriorates upon taking
                  | damage. [a shining eye]
 76699 | Slime:5  | Paralysed by a floating eye for 4 turns
 76713 | Slime:5  | Reached skill level 15 in Throwing
 76713 | Slime:5  | Noticed the Royal Jelly
 76742 | Slime:5  | Killed the Royal Jelly
 76742 | Slime:5  | Received a gift from Okawaru
 76743 | Slime:5  | Reached XP level 26. HP: 169/276 MP: 29/29
 76758 | Slime:5  | Identified the +0 hat "Daecweij" {-Tele Str+4 Dex+3}
                  | (Okawaru gifted it to you on level 5 of the Pits of Slime)
 77017 | Slime:5  | Got a vibrating steel ring
 77019 | Slime:5  | Got a slimy rune of Zot
 77021 | Slime:5  | Got a sparkling amber ring
 77100 | Slime:5  | Acquired the ring of Rasysh {rC+ rN+ Will+}
 77104 | Slime:5  | Identified the cursed ring of Wulookank {Dex-4 Stlth+} (You
                  | found it on level 5 of the Pits of Slime)
 77105 | Slime:5  | Identified the ring "Mannoiso" {Fire rN+ Will+} (You found
                  | it on level 5 of the Pits of Slime)
 77132 | Slime:5  | Identified the Collected Works on Cloudy Combat Magic
 77136 | Slime:5  | Identified the Tome of Creative Malediction
 77814 | Depths:5 | Entered Level 5 of the Depths
 78171 | Lair:1   | Lost mutation: Your body often deteriorates upon taking
                  | damage. [potion of mutation]
 78171 | Lair:1   | Lost mutation: You are weak. (Str -2) [potion of mutation]
 78171 | Lair:1   | Lost mutation: Your body sometimes deteriorates upon taking
                  | damage. [potion of mutation]
 78171 | Lair:1   | Lost mutation: Your mind is acute. (Int +2) [potion of
                  | mutation]
 78171 | Lair:1   | Gained mutation: Your mind is acute. (Int +2) [potion of
                  | mutation]
 78171 | Lair:1   | Gained mutation: You are resistant to electric shocks.
                  | (rElec) [potion of mutation]
 78172 | Lair:1   | Lost mutation: You are occasionally teleported next to
                  | monsters. [potion of mutation]
 78172 | Lair:1   | Lost mutation: Your mind is acute. (Int +2) [potion of
                  | mutation]
 78172 | Lair:1   | Gained mutation: You are dopey. (Int -2) [potion of
                  | mutation]
 78172 | Lair:1   | Gained mutation: Your spells are a little easier to cast,
                  | but a little less powerful. [potion of mutation]
 78172 | Lair:1   | Gained mutation: You are very agile. (Dex +4) [potion of
                  | mutation]
 78173 | Lair:1   | Lost mutation: You are dopey. (Int -2) [potion of mutation]
 78173 | Lair:1   | Lost mutation: Your spells are a little easier to cast, but
                  | a little less powerful. [potion of mutation]
 78173 | Lair:1   | Lost mutation: You are resistant to electric shocks.
                  | (rElec) [potion of mutation]
 78173 | Lair:1   | Gained mutation: Scrolls take you a little longer to read.
                  | [potion of mutation]
 78173 | Lair:1   | Lost mutation: You do not regenerate when monsters are
                  | visible. [potion of mutation]
 78174 | Lair:1   | Lost mutation: Your flesh is heat resistant. (rF+) [potion
                  | of mutation]
 78174 | Lair:1   | Lost mutation: You are very agile. (Dex +4) [potion of
                  | mutation]
 78174 | Lair:1   | Lost mutation: You are agile. (Dex +2) [potion of mutation]
 78174 | Lair:1   | Lost mutation: Scrolls take you a little longer to read.
                  | [potion of mutation]
 78174 | Lair:1   | Gained mutation: Your mind is acute. (Int +2) [potion of
                  | mutation]
 78174 | Lair:1   | Gained mutation: Your flesh is heat resistant. (rF+)
                  | [potion of mutation]
 78840 | Depths:5 | Found a radiant altar of Vehumet.
 79046 | Depths:5 | Noticed the Enchantress
 79050 | Depths:5 | Received a gift from Okawaru
 79093 | Depths:5 | Killed the Enchantress
 79320 | Depths:5 | Found a gate to the Realm of Zot.
 79640 | Crypt:1  | Entered Level 1 of the Crypt
 79771 | Crypt:1  | Received a gift from Okawaru
 79991 | Crypt:1  | Received a gift from Okawaru
 80506 | Crypt:2  | Noticed Mennas
 80992 | Crypt:1  | Killed Mennas
 81175 | Crypt:2  | Noticed an ancient lich
 81175 | Crypt:2  | Noticed an ancient lich
 81195 | Crypt:2  | Killed an ancient lich
 81201 | Crypt:2  | Killed an ancient lich
 81464 | Crypt:2  | Gained mutation: When seriously injured, your bleeding
                  | wounds create very thick armour. (AC +12) [demonic
                  | ancestry]
 81464 | Crypt:2  | Reached XP level 27. HP: 288/288 MP: 29/29
 82185 | Crypt:3  | Entered Level 3 of the Crypt
 82289 | Crypt:3  | Found a staircase to the Tomb.
 82611 | Crypt:3  | Received a gift from Okawaru
 82656 | Crypt:3  | Received a gift from Okawaru
 83157 | Crypt:3  | Found a basalt altar of Yredelemnul.
 83160 | Crypt:3  | Found an ancient bone altar of Kikubaaqudgha.
 83203 | Crypt:3  | Identified the +1 pair of boots of Wu Jian's Displeasure
                  | {+Blink +Fly} (You found it on level 3 of the Crypt)
 83530 | Tomb:1   | Entered Level 1 of the Tomb of the Ancients
 84566 | Tomb:1   | Noticed a royal mummy
 84566 | Tomb:1   | Noticed a royal mummy
 84569 | Tomb:1   | Noticed an ancient lich
 84575 | Tomb:1   | Killed a royal mummy
 84577 | Tomb:1   | Killed a royal mummy
 84578 | Tomb:1   | Killed an ancient lich
 84890 | Tomb:2   | Noticed a royal mummy
 84890 | Tomb:2   | Noticed a royal mummy
 84894 | Tomb:2   | Noticed a royal mummy
 84894 | Tomb:2   | HP: 8/295 [ancient champion/iron shot (32)]
 84896 | Tomb:2   | Noticed a royal mummy
 84896 | Tomb:2   | Received a gift from Okawaru
 85048 | Tomb:2   | Noticed Jory
 85075 | Tomb:2   | Gained mutation: Scrolls take you a little longer to read.
                  | [mutagenic glow]
 85087 | Tomb:2   | Killed Jory
 85094 | Tomb:2   | Gained mutation: Armour fits poorly on your strangely
                  | shaped body. [mutagenic glow]
 85183 | Tomb:3   | Entered Level 3 of the Tomb of the Ancients
 85203 | Tomb:3   | Received a gift from Okawaru
 85230 | Tomb:3   | Noticed a royal mummy
 85231 | Tomb:3   | Slain by an eldritch tentacle

Illustrated notes

Levels and vault maps discovered:
D:1:      minmay_arrival_plants_in_alcoves, layout_basic, minmay_pentomino_q2
D:2:      layout_basic, elyvilon_altar_3, uniq_robin, uniq_natasha
D:3:      layout_loops_ring, minmay_puff
D:4:      layout_loops_ring, lemuel_crystal_altar, portal_sewer_entry_a
D:5:      layout_basic, ebering_ghost_reflecting_pool
D:6:      layout_gridville, nemelex_lonely_heart_becter, uniq_sigmund
D:7:      layout_cave_pools, minmay_temple_entry_large_hall, basic_altar,
          sigmund_army
D:8:      layout_loops_ring, minmay_pinched_square
D:9:      layout_stronghold
D:10:     layout_stronghold, nicolae_trove_entry_isolated, basic_altar,
          serial_shops, shop_fountains, uniq_maurice
D:11:     minmay_quarter_circles, layout_irregular_city, lair_entry_dummy,
          david_orc_2, serial_shops, shop, shop, nicolae_shop_statue_plus,
          kennysheep_mini_moat
D:12:     layout_basic, serial_shops,
          nicolae_shop_temple_entry_statues_fountains, uniq_frances,
          uniq_nergalle
D:13:     layout_cave_pods, grunt_vaults_entry_fortified, st_stairs_3,
          uniq_kirke
D:14:     layout_gridville, chequers_serial_rivers_micro_a, uniq_azrael
D:15:     grunt_enter_depths_hoard, layout_cave_pods,
          hangedman_decor_clover_reticule
Temple:   kilobyte_greek_temple
Lair:1:   layout_regular_city, minmay_stone_trees_small, grunt_megastairs_5
Lair:2:   layout_cave_pods, nicolae_spider_entry_non_spiders,
          bobbens_dragon_lair_wall, minmay_lair_oklob_chamber,
          grunt_megastairs_3, serial_bayou_shore_b, lemuel_fruit_tree
Lair:3:   layout_long_grid, elwin_shoals_entry_rooms,
          nicolae_volcano_entry_hallway, grunt_megastairs_2
Lair:4:   layout_regular_city
Lair:5:   layout_cave_pods, nicolae_slime_entry_slimehenge, beast_lair_carwin_5,
          infiniplex_staircase_pool_2, serial_bayou_shore_a, grunt_megastairs_4
Lair:6:   hangedman_lair_tendril_chambers, layout_gridlike,
          grunt_forest_small_clearings, chequers_serial_rivers_micro_e,
          minivault_27, dpeg_oklob_1
Shoals:1: layout_shoals, gammafunk_ghost_cemetery
Shoals:2: layout_shoals, uniq_aizul
Shoals:3: layout_shoals, nicolae_shoals_loop_pool
Shoals:4: shoals_end_grunt_garden, layout_shoals, uniq_polyphemus
Spider:1: layout_spider_delve
Spider:2: layout_spider_delve
Spider:3: layout_chambers, nicolae_spider_webs_and_nodes, uniq_arachne
Spider:4: johnstein_spider_rune_arachne_lair, zaba_anthell, uniq_roxanne
Slime:1:  layout_caves
Slime:2:  layout_caves, cheibrodos_slime_lost_civilization_5
Slime:3:  layout_caves
Slime:4:  layout_caves
Slime:5
Orc:1:    layout_caves, basic_altar, lightli_orcish_oven, uniq_fannar,
          uniq_erica
Orc:2:    grunt_orc_tribal_feast, layout_diamond_mine, special_room,
          guppyfry_library_mini
Elf:1:    gammafunk_its_a_trap, layout_gridlike, evilmike_minifort, st_stairs_1,
          lemuel_flamethrower_3
Elf:2:    layout_gridlike, serial_shops,
          nicolae_shop_temple_entry_statues_fountains, onia_ninara_cookie
Elf:3:    elf_hall_gauntlet_wide, layout_gridlike, serial_shops,
          nicolae_shop_waterfront
Vaults:1: hangedman_vaults_corner, v_alt_pattern_2, grunt_vaults_funnel,
          nicolae_vaults_diagonal_hallway_8, v_misc_24, ontoclasm_vaults_idyll,
          sword_in_stone, vaults_mumra_hexcomb, dpeg_vaults_monster_box,
          layout_vaults_omnigrid, portal_desolation_entry_holy_temple
Vaults:2: hangedman_vaults_cutoff, minmay_crypt_entry_simple_box,
          vaults_mumra_lcd, st_star, vaults_room_ringed_pool, v_alt_pattern_2,
          nicolae_vaults_mini_display_case, hangedman_vaults_stretched_pinwheel,
          nicolae_vaults_big_angled_halls, ontoclasm_vaults_chip,
          nicolae_vaults_ninety_degrees, v_misc_14, layout_vaults_ring,
          serial_shops, shop, nicolae_shop_trees, nicolae_shop_crystal,
          shop_fountains, nicolae_shop_competitors_out_of_business
Vaults:3: ontoclasm_vaults_tryst, nicolae_vaults_network_barrier,
          hangedman_vaults_river_flow, grunt_vaults_focal,
          vaults_room_door_hall, vaults_dpeg_cross, v_misc_15,
          ontoclasm_vaults_chip, vaults_room_corners, layout_vaults_big_room,
          serial_shops, nicolae_shop_trees
Vaults:4: v_misc_18, vaults_room_fancy_cross, st_hourglassy,
          vaults_room_semicircle, v_misc_2, hangedman_vaults_trim,
          vaults_mumra_minichess, nicolae_vaults_little_squares_4,
          vaults_room_semicircle, vaults_room_pools,
          vaults_standard_mumra_enter_the_diamond, layout_vaults_omnibox,
          uniq_xtahua
Vaults:5: serial_shops
Crypt:1:  layout_gridlike, nrook_guardian_serpent_ordinary
Crypt:2:  grunt_deathspiral_small, layout_chaotic_city,
          nicolae_crypt_stairs_room, uniq_mennas
Crypt:3:  lightli_unholy_cathedral, layout_chaotic_city,
          nicolae_tomb_entry_unfolded_pyramid_diagonal
Tomb:1
Tomb:2:   uniq_jory
Tomb:3
Depths:1: layout_basic, enter_ziggurat_f, grunt_decor_fettered,
          grunt_hell_horde, hangedman_decor_points, nicolae_rare_books,
          kennysheep_another_room, kennysheep_windowed_goal, uniq_asterion
Depths:2: minmay_the_grid_triangle_9x9_rhombus_full_mashed
          [minmay_the_grid_triangle_9x9_sparse_checkered,
          minmay_the_grid_triangle_9x9_from_above,
          minmay_the_grid_triangle_9x9_skeleton,
          minmay_the_grid_triangle_9x9_negative_grid,
          minmay_the_grid_triangle_9x9_swiss_cheese,
          minmay_the_grid_triangle_9x9_corrupted_corridor,
          minmay_the_grid_triangle_9x9_dagger,
          minmay_the_grid_triangle_9x9_prize_center], layout_long_grid,
          pf_coc_iceberg, serial_rivers, chequers_serial_rivers_large_a,
          chequers_serial_rivers_small_3, chequers_serial_rivers_micro_a,
          chequers_serial_rivers_small_b, chequers_serial_rivers_micro_e,
          chequers_serial_rivers_room_b, lemuel_statue_altar, minivault_22,
          hangedman_decor_riveting, laboratory, minmay_staircase_statues,
          uniq_sojobo
Depths:3: evilmike_library_of_no_secrets, layout_cave_shapes, pan_entry,
          abyss_entry_crystal, hell_entry, kennysheep_generic_room_15,
          minmay_shoptagon, serial_bayou_shore_b,
          infiniplex_staircase_pillars_2, uniq_margery
Depths:4: grunt_twist_and_shout, layout_gridville, hangedman_abyss_entry_splay,
          hell_entry, roderic_serpentine_path, minmay_variable_closet,
          firewood_loft, infiniplex_staircase_x
Depths:5: grunt_zot_entry_gee_three, layout_gridlike, hell_entry, basic_altar,
          uniq_enchantress

Skill      XL: |  1  2  3  4  5  6  7  8  9 10 11 12 13 14 15 16 17 18 19 20 21 22 23 24 25 26 27 |
---------------+----------------------------------------------------------------------------------+-----
Dodging        | 3 4 5 6 7 8 10 11 12 13 14 16 17 19 20 | 20.2
Long Blades    | 3 4 5 6 7 9 10 11 13 14 15 16 17 | 17.0
Armour         | 1 2 3 5 6 8 9 10 11 12 14 16 18 19 20 22 | 22.0
Fighting       | 3 4 5 6 7 9 11 12 13 14 15 17 18 19 22 | 22.0
Shields        | 4 |  4.0
Evocations     | 3 5 7 14 15 18 20 | 20.3
Throwing       | 7 10 13 15 16 | 16.0
Invocations    | 8 |  8.7

Action                   |  1- 3 |  4- 6 |  7- 9 | 10-12 | 13-15 | 16-18 | 19-21 | 22-24 | 25-27 || total
-------------------------+-------+-------+-------+-------+-------+-------+-------+-------+-------++-------
Melee: Long sword        |   103 |   289 |   343 |   182 |       |       |       |       |       ||   917
       Kick              |       |    32 |   146 |   254 |   435 |   473 |   818 |   787 |  1016 ||  3961
       Scimitar          |       |       |       |   481 |  1076 |  1443 |  1434 |       |       ||  4434
       Demon blade       |       |       |       |       |       |       |   515 |  1465 |  1665 ||  3645
Throw: Javelin           |       |       |       |       |       |       |       |     4 |    25 ||    29
       Boomerang         |       |       |       |       |       |       |       |     2 |    41 ||    43
Invok: Call Merchant     |       |       |       |     1 |     3 |     1 |     4 |       |       ||     9
       Heroism           |       |       |       |       |       |       |     2 |     2 |     4 ||     8
       Finesse           |       |       |       |       |       |       |       |       |     4 ||     4
Evoke: Wand              |       |       |       |    13 |     8 |     3 |     4 |       |     1 ||    29
       Tin of tremorston |       |       |       |       |     2 |     4 |     2 |     6 |    12 ||    26
       Lightning rod     |       |       |       |       |       |       |     3 |     4 |     4 ||    11
       Condenser vane    |       |       |       |       |       |       |       |     3 |     6 ||     9
       Phantom mirror    |       |       |       |       |       |       |       |       |     1 ||     1
  Use: Potion            |       |     1 |     2 |     1 |     1 |     2 |     1 |     1 |    14 ||    23
       Scroll            |       |       |     6 |    11 |     5 |    22 |    13 |     8 |    19 ||    84
 Stab: Sleeping          |       |     2 |       |       |       |       |       |     1 |       ||     3
       Distracted        |       |       |     1 |     3 |    11 |     4 |     3 |     1 |       ||    23
       Petrified         |       |       |       |       |     3 |       |       |     1 |       ||     4
       Confused          |       |       |       |       |       |       |       |     2 |       ||     2
Armor: Leather armour    |    41 |   100 |   120 |    12 |       |       |       |       |       ||   273
       Scale mail        |       |       |       |   230 |       |       |       |       |       ||   230
       Fire dragon scale |       |       |       |    43 |   317 |    20 |       |       |       ||   380
       Gold dragon scale |       |       |       |       |       |   997 |  1351 |  1430 |  1155 ||  4933
Dodge: Dodged            |   120 |   208 |   298 |   455 |   587 |   484 |   857 |  1027 |  1056 ||  5092
Block: Buckler           |       |       |       |    73 |   322 |   622 |   586 |   362 |   188 ||  2153
       Reflection        |       |       |       |       |    35 |    31 |    48 |       |    14 ||   128
       Kite shield       |       |       |       |       |       |       |       |       |   362 ||   362
       Rpst.: Long sword |    39 |    62 |    81 |    38 |       |       |       |       |       ||   220
       Scimitar          |       |       |       |    82 |   152 |   102 |   108 |       |       ||   444
       Demon blade       |       |       |       |       |       |       |    57 |   171 |   250 ||   478
